 Seeded DCSS version 0.30-a0-920-g7493c07aab (webtiles) character file.

Game seed: 3425090202442293766 (custom seed)

1978 Darius099 the Grappler (level 9, -3/80 HPs)
             Began as a Troll Monk on Mar 21, 2023.
             Slain by an orc
             ... wielding a +0 trident
              (5 damage)
             ... on level 6 of the Dungeon.
             The game lasted 00:08:34 (5208 turns).

Darius099 the Grappler (Troll Monk)                 Turns: 5208, Time: 00:08:35

Health: -3/80      AC: 10    Str: 25    XL:     9   Next: 1%
Magic:  0/8        EV: 10    Int:  1    God:
Gold:   383        SH:  0    Dex: 16    Spells: 8/8 levels left

rFire   . . .      SeeInvis +      - Unarmed
rCold   + + .      Faith    .    (no shield)
rNeg    . . .      Spirit   +    H - +2 robe of a Hundred Friends {rElec Str+4 Int-5 Slay+3}
rPois   .          Reflect  .    (helmet restricted)
rElec   +          Rampage  .    (no cloak)
rCorr   .                        (gloves unavailable)
Will    .....                    (boots unavailable)
Stlth   +                        j - amulet of guardian spirit
HPRegen 1.13/turn                d - ring of see invisible
MPRegen 0.11/turn                z - ring "Lesin" {rC++ AC+4}

@: confused, on fire, ambrosia-drunk, glowing, studying Long Blades
A: large, unfitting armour, claws 3, regeneration 1, shaggy fur 1, tough skin 1
a: no special abilities


You were on level 6 of the Dungeon.
You visited 1 branch of the dungeon, and saw 6 of its levels.

You collected 383 gold pieces.

Inventory:

Missiles
 l - 3 throwing nets (quivered)
Armour
 H - the +2 robe of a Hundred Friends (worn) {rElec Str+4 Int-5 Slay+3}
   (You found it on level 5 of the Dungeon)

   Str:       It affects your strength (+4).
   Int:       It affects your intelligence (-5).
   Slay:      It affects your accuracy & damage with ranged weapons and melee
   (+3).
   rElec:     It insulates you from electricity.
Jewellery
 d - a ring of see invisible (left claw)
 j - an amulet of guardian spirit (around neck)
 p - an amulet of the acrobat
 z - the ring "Lesin" (right claw) {rC++ AC+4}
   (You acquired it on level 3 of the Dungeon)

   [ring of protection]

   AC:        It affects your AC (+4).
   rC:        It greatly protects you from cold.
 E - a ring of magical power
 I - a ring of ice
Wands
 B - a wand of flame (12)
Scrolls
 a - a scroll of amnesia {unknown}
 c - 3 scrolls of acquirement
 e - a scroll of blinking {unknown}
 f - 3 scrolls of noise {unknown}
 g - a scroll of vulnerability {unknown}
 h - 2 scrolls of enchant armour {unknown}
 m - 4 scrolls of magic mapping
 q - a scroll of fear {unknown}
 r - 3 scrolls of silence {unknown}
 w - 5 scrolls of teleportation {unknown}
 x - 3 scrolls of fog {unknown}
 y - a scroll of immolation {unknown}
 C - a scroll of identify
 F - a scroll of enchant weapon {unknown}
Potions
 b - 2 potions of ambrosia
 i - a potion of degeneration {unknown}
 k - 2 potions of resistance {unknown}
 n - 2 potions of curing
 o - 2 potions of brilliance
 s - 2 potions of might
 t - a potion of flight
 u - a potion of haste {unknown}
 v - a potion of attraction {unknown}
 A - a potion of heal wounds {unknown}
 D - 2 potions of lignification {unknown}
 G - 2 potions of magic {unknown}
 J - 3 potions of mutation {unknown}


   Skills:
 + Level 2.6 Fighting
 + Level 2.6 Dodging
 - Level 1.0 Stealth
 - Level 12.0 Unarmed Combat


You had 8 spell levels left.
You didn't know any spells.
Your spell library contained the following spells:

 Spells                   Type           Power      Damage    Failure   Level
 Blink                    Tloc           0%         N/A       71%         2
 Sublimation of Blood     Necr           0%         N/A       71%         2
 Wereblood                Tmut           0%         N/A       71%         2
 Manifold Assault         Tloc           0%         N/A       100%        4
 Storm Form               Tmut/Air       0%         N/A       100%        7
 Summon Hydra             Summ           0%         N/A       100%        7


Dungeon Overview and Level Annotations

Branches:
Dungeon (6/15)             Temple (0/1) D:5

Altars:
Elyvilon
Okawaru
Trog
Wu Jian
Yredelemnul
Zin
The Shining One

Shops:
D:2 ?(   D:6 *=

Annotations:
D:6 petzl's ghost, journeyman FoDe


Innate Abilities, Weirdness & Mutations

You are too large for most types of armour.
You have claws for hands.
Your natural rate of healing is unusually fast.
You are covered in fur. (AC +1)
You have tough skin. (AC +1)


Message History

You closely miss petzl's ghost.
Petzl's ghost is heavily damaged.
You feel sick.
You feel better.
Petzl's ghost screams, "I'll kill anyone who wants the ORB!"
Petzl's ghost hits you.
* * * LOW HITPOINT WARNING * * *
The orc hits you but does no damage.
You scratch petzl's ghost but do no damage.
Your claw misses petzl's ghost.
Petzl's ghost is heavily damaged.
The orc misses you. Petzl's ghost hits you!
* * * LOW HITPOINT WARNING * * *
You feel better. The orc closely misses you. Petzl's ghost barely misses you.
You miss petzl's ghost.
Petzl's ghost is heavily damaged.
The orc closely misses you. Petzl's ghost hits you.
* * * LOW HITPOINT WARNING * * *
You closely miss petzl's ghost.
Petzl's ghost is heavily damaged.
The orc hits you from afar with a +0 trident.
* * * LOW HITPOINT WARNING * * *
Petzl's ghost hits you but does no damage.
You claw petzl's ghost!
Petzl's ghost is heavily damaged.
The orc closely misses you.
Petzl's ghost sprays you with burning goo.
The sticky flame hits you.
You are covered in liquid flames!
* * * LOW HITPOINT WARNING * * *
You are confused.
You feel invigorated.
You are covered in liquid flames!
* * * LOW HITPOINT WARNING * * *
Petzl's ghost sprays you with burning goo.
The sticky flame hits you!
You are covered in liquid flames!
* * * LOW HITPOINT WARNING * * *
The orc hits you from afar with a +0 trident.
You die...

....# #.......'............#
....## #.......####....######
.....### #...................†.
.......# ##+####.#......#######
##'#.#.# #....................
##.#.#.###########..#.....#######
.....#......# #........# ###
##.########.######o.......# #..
................@Woo...>..#####.#
#...#####.#.#######o##...........
#.......#.#......##.##...........
#....<...........o......#........
#.###.#8.......o.o...8..##.....##
#.#....######'oo######...........
..#.#..#........o....##.##.......
..#.##.#....#####o[..##.##.......
#.#.#..#.###ooo..###.##.##.......


You could see an orc warrior, an orc priest, petzl's ghost and 2 orcs.

Vanquished Creatures
  Grinder (D:4)
  Sigmund (D:3)
  An orc warrior (D:6)
  2 ice beasts
  2 black bears (D:5)
  2 ogres
  2 centaurs (D:6)
  A gnoll sergeant (D:6)
  A scorpion (D:6)
  A bullfrog (D:6)
  A crimson imp (D:4)
  5 hounds
  A jelly (D:6)
  2 orc priests
  2 sleepcaps (D:6)
  Terence (D:3)
  2 iguanas (D:6)
  An orc wizard (D:4)
  6 adders
  3 gnolls (D:6)
  A shadow imp (D:5)
  A worm (D:2)
  14 dart slugs
  10 orcs
  8 ball pythons
  7 bats
  5 endoplasms
  3 giant cockroaches
  7 goblins
  7 hobgoblins
  4 kobolds
  A quokka (D:2)
  4 frilled lizards
  A goblin skeleton (D:4)
  A goblin zombie (D:4)
  A hobgoblin zombie (D:4)
  A kobold skeleton (D:4)
  2 kobold zombies (D:4)
  An orc skeleton (D:4)
  13 rats
130 creatures vanquished.

Notes
Turn   | Place    | Note
-------+----------+-------------------------------------------
     0 | D:1      | Darius099 the Troll Monk began the quest for the Orb.
     0 | D:1      | Reached XP level 1. HP: 22/22 MP: 0/0
   121 | D:1      | Reached XP level 2. HP: 29/29 MP: 1/1
   328 | D:1      | Reached skill level 4 in Unarmed Combat
   466 | D:1      | Found a faded altar of an unknown god.
   589 | D:2      | Reached XP level 3. HP: 36/36 MP: 2/2
   665 | D:2      | Found Nareh's Weapon Boutique.
  1016 | D:2      | Found Lipoy's Magic Scroll Boutique.
  1113 | D:2      | Reached XP level 4. HP: 43/44 MP: 3/3
  1213 | D:2      | Reached skill level 5 in Unarmed Combat
  1541 | D:3      | Noticed Terence
  1545 | D:3      | Killed Terence
  1546 | D:3      | Reached XP level 5. HP: 50/50 MP: 4/4
  1613 | D:3      | Noticed Sigmund
  1630 | D:3      | Killed Sigmund
  1631 | D:3      | Reached skill level 7 in Unarmed Combat
  1631 | D:3      | Reached XP level 6. HP: 42/59 MP: 2/5
  2203 | D:3      | Identified 2 scrolls of acquirement
  2203 | D:3      | Acquired the ring "Lesin" {rC++ AC+4}
  2271 | D:4      | Noticed Grinder
  2279 | D:4      | Paralysed by Grinder for 4 turns
  2288 | D:4      | Paralysed by Grinder for 4 turns
  2292 | D:4      | Killed Grinder
  2293 | D:4      | Reached skill level 8 in Unarmed Combat
  2293 | D:4      | Reached XP level 7. HP: 50/66 MP: 6/6
  2488 | D:4      | Found a glowing golden altar of the Shining One.
  2623 | D:4      | Found a basalt altar of Yredelemnul.
  2624 | D:4      | Found an ornate altar of the Wu Jian Council.
  2625 | D:4      | Found a white marble altar of Elyvilon.
  3475 | D:5      | Entered Level 5 of the Dungeon
  3608 | D:5      | Reached skill level 9 in Unarmed Combat
  3613 | D:5      | Identified the +2 robe of a Hundred Friends {rElec Str+4
                  | Int-5 Slay+3}
  3911 | D:5      | Found an iron altar of Okawaru.
  3943 | D:5      | Found a staircase to the Ecumenical Temple.
  3999 | D:5      | Reached XP level 8. HP: 74/74 MP: 7/7
  4054 | D:5      | Reached skill level 10 in Unarmed Combat
  4405 | D:6      | Found a bloodstained altar of Trog.
  4463 | D:6      | Reached skill level 11 in Unarmed Combat
  4484 | D:6      | Found Kausagei's Jewellery Shop.
  4497 | D:6      | Found Xyeg's General Store.
  4689 | D:6      | Found a runed translucent gate.
  4692 | D:6      | Found a runed translucent gate.
  4692 | D:6      | Found a runed translucent gate.
  4694 | D:6      | Noticed petzl's ghost (journeyman FoDe)
  4952 | D:6      | Found a glowing silver altar of Zin.
  5196 | D:6      | Reached skill level 12 in Unarmed Combat
  5196 | D:6      | Reached XP level 9. HP: 24/80 MP: 3/8
  5203 | D:6      | HP: 2/80 [petzl's ghost (7)]
  5208 | D:6      | HP: 2/80 [burnt (2)]
  5208 | D:6      | Slain by an orc

Illustrated notes

Levels and vault maps discovered:
D:1:      minmay_arrival_loop, layout_basic, ebering_ecumenical_altar_webs,
          moated_statue, minmay_tetromino_s2
D:2:      minmay_angry_zag, layout_basic, serial_shops,
          nicolae_shop_behind_doors, nicolae_shop_bloodbath_and_beyond,
          minmay_cut_off
D:3:      kennysheep_slugbush, layout_basic, uniq_sigmund, uniq_terence
D:4:      layout_layer_cave, gammafunk_temple_overflow_claw,
          nicolae_tso_besieged_by_evil, minivault_24, uniq_grinder
D:5:      layout_loops_ring, mainiacjoe_overflow_small_starburst,
          minmay_temple_entry_grid, minmay_misc_feat_square
D:6:      cheibrodos_iron_armory, layout_basic, bloody_trog, marbit_many_paths,
          serial_shops, shop, shop, biasface_ghost_orc_armoury,
          minmay_manual_mares

Skill      XL: |  1  2  3  4  5  6  7  8 |
---------------+-------------------------+-----
Unarmed Combat | 4 5 7 8 9 12 | 12.0
Fighting       | |  2.6
Dodging        | |  2.6
Stealth        | |  1.0

Action                     |  1- 3 |  4- 6 |  7- 9 || total
---------------------------+-------+-------+-------++-------
  Melee: Unarmed           |    99 |    72 |   126 ||   297
         Punch             |     2 |     3 |     9 ||    14
    Use: Scroll            |       |     1 |     5 ||     6
         Potion            |       |       |     3 ||     3
   Stab: Sleeping          |     7 |     3 |     3 ||    13
 Armour: Robe              |    24 |    30 |    56 ||   110
  Dodge: Dodged            |    43 |    36 |    54 ||   133

Table legend: (Time is in decaauts)
 A = Elapsed time spent in this place.
 B = Non-inter-level travel time spent in this place.
 C = Inter-level travel time spent in this place.
 D = Time resting spent in this place.
 E = Time spent auto-exploring this place.
 F = Levels seen in this place.
 G = Mean time per level.
                   A        B        C        D        E       F      G
               +--------+--------+--------+--------+--------+-----+--------+
         Total |   5166 |   4948 |    218 |     16 |   4111 |   6 |  861.0 |
       Dungeon |   5166 |   4948 |    218 |     16 |   4111 |   6 |  861.0 |
               +--------+--------+--------+--------+--------+-----+--------+

Top non-repeatable levels by time:
     D:4: 1216 daAuts
     D:6: 913 daAuts
     D:3: 865 daAuts
     D:2: 818 daAuts
     D:5: 802 daAuts
     D:1: 550 daAuts
